 Dungeon Crawl Stone Soup version 0.20.1-1-g8b1a95d (webtiles) character file.

211 tof the Poker (level 5, -1/63 HPs)
             Began as a Demonspawn Berserker on July 4, 2017.
             Was a Believer of Trog.
             Succumbed to a worker ant's poison
             ... on level 4 of the Dungeon.
             The game lasted 00:06:34 (4092 turns).

tof the Poker (Demonspawn Berserker)                Turns: 4092, Time: 00:06:35

Health: -1/63      AC: 22    Str: 18    XL:     5   Next: 57%
Magic:  0/5        EV:  2    Int: 13    God:    Trog [**....]
Gold:   220        SH:  0    Dex: 13    Spells: 4/4 levels left

rFire    . . .     SeeInvis .   a - +0 spear
rCold    . . .     Gourm    .   (no shield)
rNeg     + + +     Faith    .   (armour currently unavailable)
rPois    +         Spirit   +   (helmet currently unavailable)
rElec    .         Reflect  .   (cloak currently unavailable)
rCorr    .         Harm     .   (gloves currently unavailable)
MR       .....     NoTele   +   (boots currently unavailable)
Stlth    +.........             j - amulet of guardian spirit
Regen    0.2/turn               (no ring)
MPRegen  0.1/turn               (no ring)

@: brilliant, lethally poisoned (-1 -> -12), tree-form, drained
A: rugged brown scales 1, powered by death 1
a: Berserk, Trog's Hand, Burn Spellbooks, Renounce Religion


You were on level 4 of the Dungeon.
You worshipped Trog.
Trog was pleased with you.
You were not hungry.
You were a tree.
You visited 1 branch of the dungeon, and saw 4 of its levels.

You collected 220 gold pieces.

Inventory:

Hand Weapons
 a - a +0 spear (weapon)
Missiles
 r - 3 tomahawks of returning (quivered)
 t - 4 exploding tomahawks
Armour
 b - a +0 animal skin (melded)
 q - a +1 pair of gloves (melded)
Jewellery
 j - an amulet of guardian spirit (around neck)
Scrolls
 d - 2 scrolls of teleportation
 e - 2 scrolls of fear
 n - a scroll of enchant weapon
 p - 3 scrolls of immolation
 s - a scroll of magic mapping
 v - 2 scrolls of remove curse {unknown}
 y - a scroll of identify
Potions
 f - a potion of mutation {unknown}
 h - a potion of curing {unknown}
 i - a potion of haste {unknown}
 l - a potion of brilliance
 m - a potion of ambrosia {unknown}
 w - a potion of flight {unknown}
 x - a potion of agility {unknown}
Comestibles
 c - 5 bread rations
 k - a royal jelly
 o - 4 meat rations
 u - 3 chunks of flesh


   Skills:
 + Level 3.6(3.1) Fighting
 * Level 4.0(3.5) Polearms
 * Level 3.5(3.0) Armour
 + Level 2.5(2.0) Dodging


You had 4 spell levels left.
You didn't know any spells.

Dungeon Overview and Level Annotations

Branches:
Dungeon (4/15)
 Temple: D:4-7

Altars:
Elyvilon
Kikubaaqudgha

Shops:
D:4 }

Annotations:
D:3 2 transporters


Innate Abilities, Weirdness & Mutations

(You are partially covered in rugged brown scales. (AC +1, +3% HP))
You regenerate a little health from kills.


Message History

* * * LOW HITPOINT WARNING * * *
You hit the worker ant but do no damage.
The worker ant is heavily wounded.
* * * LOW HITPOINT WARNING * * *
You feel sick. The worker ant bites you.
* * * LOW HITPOINT WARNING * * *
* * * LOW HITPOINT WARNING * * *
You feel sick. The worker ant bites you.
* * * LOW HITPOINT WARNING * * *
You are more poisoned.
The worker ant poisons you!
It was a potion of brilliance.
You feel clever all of a sudden.
* * * LOW HITPOINT WARNING * * *
You feel sick. The worker ant closely misses you.
It was a potion of lignification.
You turn into a tree.
Your +1 pair of gloves melds into your body.
Your +0 animal skin melds into your body.
Your roots penetrate the ground.
You die...

........#.# #......#
. ..........#
###.#..##.
#.####.####
#........ #.# #.#
#..#..#.# #.# #.#
#.# #..#..#.# #.#
#.# . . #..#..#.#
#.# #.# . ...
#...#.#.###.# #.#
.....###..#........#
#..
......a♣..#.##..##.#
.....###.##.###.##.#
... #.##.###.##.# .
#...#.......# ##
####.###.#### .#
#.## .# #..# .##
##.# ..# #.#


You could see a worker ant.

Vanquished Creatures
  A hound (D:4)
  An orc wizard (D:3)
  5 adders
  A howler monkey skeleton (D:4)
  An ooze (D:2)
  An adder zombie (D:4)
  3 worms
  2 dart slugs (D:1)
  2 leopard geckos
  8 orcs
  10 bats
  11 goblins
  4 hobgoblins
  6 kobolds
  2 quokkas
  2 ball pythons
  4 frilled lizards
  7 rats
71 creatures vanquished.

Notes
Turn   | Place    | Note
-------+----------+-------------------------------------------
     0 | D:1      | tof the Demonspawn Berserker began the quest for the Orb.
     0 | D:1      | Reached XP level 1. HP: 18/18 MP: 1/1
   192 | D:1      | Gained mutation: You are partially covered in rugged brown scales. (AC +1, +3% HP) [demonic ancestry]
   192 | D:1      | Reached XP level 2. HP: 10/24 MP: 2/2
   631 | D:1      | Reached skill level 3 in Polearms
  1387 | D:1      | Reached XP level 3. HP: 29/29 MP: 3/3
  1451 | D:2      | Found a white marble altar of Elyvilon.
  1451 | D:2      | Found an ancient bone altar of Kikubaaqudgha.
  2212 | D:2      | Reached ** piety under Trog
  2321 | D:2      | Gained mutation: You regenerate a little health from kills. [demonic ancestry]
  2321 | D:2      | Reached XP level 4. HP: 36/36 MP: 4/4
  2490 | D:3      | Found a transporter.
  2602 | D:3      | Found a transporter.
  2874 | D:3      | Reached XP level 5. HP: 39/42 MP: 5/5
  3546 | D:4      | Found Baintael's Gadget Shop.
  4074 | D:4      | Reached skill level 4 in Polearms
  4090 | D:4      | HP: 2/42 [worker ant (1)]
  4092 | D:4      | Succumbed to a worker ant's poison

Skill      XL: |  1  2  3  4  5 |
---------------+----------------+-----
Armour         | 2 3 |  3.5
Polearms       | 3 4 |  4.0
Dodging        | 2 |  2.5
Fighting       | |  3.6

Action                   |  1- 3 |  4- 6 || total
-------------------------+-------+-------++-------
Melee: Spear             |   150 |   213 ||   363
  Use: Scroll            |     3 |     3 ||     6
       Potion            |       |     2 ||     2
 Stab: Sleeping          |     2 |     3 ||     5
  Eat: Chunk             |     4 |     6 ||    10
Armor: Animal skin       |    20 |    47 ||    67
Dodge: Dodged            |    72 |   106 ||   178
